 Dungeon Crawl Stone Soup version 0.31.0-32-g396128a36d (webtiles) character file.

Game seed: 13553961331085519779

14 PaiMei the Grave Robber (level 2, -2/19 HPs)
             Began as a Demonspawn Necromancer on Apr 11, 2024.
             Slain by an adder (3 damage)
             ... on level 2 of the Dungeon.
             The game lasted 00:00:26 (275 turns).

PaiMei the Grave Robber (Demonspawn Necromancer)     Turns: 275, Time: 00:00:27

Health: -2/19      AC:  3    Str:  8    XL:     2   Next: 27%
Magic:  0/5        EV: 12    Int: 15    God:
Gold:   17         SH:  0    Dex: 13    Spells: 4/5 levels left

rFire   . . .        (no weapon)
rCold   . . .        (no shield)
rNeg    . . .        a - +0 robe
rPois   .            (no helmet)
rElec   .            e - +0 cloak
rCorr   .            (no gloves)
SInv    .            (no boots)
Will    .....        (no amulet)
Stlth   ++           (no ring)
HPRegen 0.23/turn    (no ring)
MPRegen 0.09/turn

%: no passive effects
@: lethally poisoned (-2 -> -7)
A: hooves 1
a: no special abilities


You were on level 2 of the Dungeon.
You visited 1 branch of the dungeon, and saw 2 of its levels.

You collected 17 gold pieces.

Inventory:

Armour
 a - a +0 robe (worn)
 e - a +0 cloak (worn)
Scrolls
 c - 2 scrolls of immolation {unknown}
Potions
 b - a potion of magic
 d - a potion of attraction {unknown}


   Skills:
 + Level 2.0 Dodging
 + Level 2.1 Stealth
 + Level 2.2 Spellcasting
 + Level 4.5 Necromancy


You had 4 spell levels left.
You knew the following spells:

 Your Spells              Type           Power      Damage    Failure   Level
a - Necrotise             Necr           60%        1d7       3%          1

Your spell library contained the following spells:

 Spells                   Type           Power      Damage    Failure   Level
 Vampiric Draining        Necr           15%        2d7       10%         3
 Animate Dead             Necr           15%        N/A       32%         4
 Curse of Agony           Necr           15%        N/A       67%         5


Dungeon Overview and Level Annotations

Branches:
Dungeon (1/15)

Altars:


Innate Abilities, Weirdness & Mutations

You have large cloven feet.


Message History

The adder bites you but does no damage.
Your adder skeleton misses the adder.
You barely miss the adder. Your kick misses the adder.
The adder bites you but does no damage.
Your adder skeleton barely misses the adder.
Casting: Necrotise (safe; 3% risk of failure)
Confirm with . or Enter, or press ? or * to list all spells.
You don't have enough magic to cast this spell.
You hit the adder but do no damage. You kick the adder.
The adder is moderately wounded.
The adder barely misses you.
The ball python barely misses your adder skeleton.
The ball python grabs your adder skeleton.
The ball python constricts your adder skeleton.
Your adder skeleton closely misses the adder.
The adder closely misses you.
You closely miss the adder.
The adder is moderately wounded.
The ball python bites your adder skeleton.
The ball python constricts your adder skeleton.
Your adder skeleton bites the adder.
The adder bites your adder skeleton.
You hit the adder but do no damage. Your kick misses the adder.
The adder is severely wounded.
The ball python bites your adder skeleton.
The ball python constricts your adder skeleton.
The adder bites you.
* * * LOW HITPOINT WARNING * * *
You are lethally poisoned!
The adder poisons you!
Your adder skeleton closely misses the adder.
The ball python bites your adder skeleton.
The ball python constricts your adder skeleton.
You closely miss the adder.
The adder is severely wounded.
* * * LOW HITPOINT WARNING * * *
You feel sick. The adder closely misses you.
Your adder skeleton closely misses the adder.
The ball python bites your adder skeleton.
The ball python constricts your adder skeleton.
The adder bites you.
You die...

## #.# .# ... .# ....
.#..... .#.... ######
##.... .###....####..#
..........@SZS.#
#.##......####....... #.
#......# ....... #.
#.....## ....... . #.
#>....#####....... ... #.
#.........+.......
.....#.##......####.......
...............# #######
.....#.##..^...#


You could see an adder (ally target), a ball python and a friendly adder
skeleton.

Vanquished Creatures
  An adder (D:2)
  An endoplasm (D:1)
  A goblin (D:1)
  A ball python (D:1)
  A rat (D:2)
5 creatures vanquished.

Notes
Turn   | Place    | Note
-------+----------+-------------------------------------------
     0 | D:1      | PaiMei the Demonspawn Necromancer began the quest for the
                  | Orb.
     0 | D:1      | Reached XP level 1. HP: 13/13 MP: 3/3
   187 | D:1      | You fall into a shaft and drop 1 floor!
   269 | D:2      | Gained mutation: You have large cloven feet. [demonic
                  | ancestry]
   269 | D:2      | Reached XP level 2. HP: 5/19 MP: 0/5
   275 | D:2      | Slain by an adder

Illustrated notes

Levels and vault maps discovered:
D:1:      psy_arrival_basics, layout_loops_cross,
          shapermc_ecumenical_altar_acropolis, serial_bayou,
          serial_bayou_pond_c, serial_bayou_crossing, serial_bayou_ford_a,
          serial_bayou_lagoon_a
D:2:      layout_basic

Skill      XL: |  1 |
---------------+----+-----
Dodging        | 2 |  2.0
Stealth        | 2 |  2.1
Spellcasting   | |  2.2
Necromancy     | |  4.5

Action                     || total
---------------------------++-------
  Melee: Unarmed           ||    14
         Kick              ||     1
   Cast: Necrotise         ||    10
 Armour: Robe              ||    13
  Dodge: Dodged            ||     9
